 Dungeon Crawl Stone Soup version 0.25.1-8-g42b30a86e7 (webtiles) character file.

Game seed: 5583592392264838648

47 Clowwww the Skirmisher (level 3, -3/33 HPs)
             Began as a Hill Orc Fighter on Dec 5, 2020.
             Killed from afar by an orc wizard (5 damage)
             ... with a magic dart
             ... on level 2 of the Dungeon.
             The game lasted 00:01:44 (993 turns).

Clowwww the Skirmisher (Hill Orc Fighter)            Turns: 993, Time: 00:01:45

Health: -3/33      AC:  6    Str: 19    XL:     3   Next: 70%
Magic:  3/3        EV:  7    Int:  8    God:
Gold:   70         SH:  9    Dex: 10    Spells: 2/2 levels left

rFire    . . .     SeeInvis .   a - +0 war axe
rCold    . . .     Gourm    .   c - +0 kite shield
rNeg     . . .     Faith    .   b - +0 scale mail
rPois    .         Spirit   .   (no helmet)
rElec    .         Reflect  .   (no cloak)
rCorr    .         Harm     .   (no gloves)
MR       .....                  (no boots)
Stlth    ..........             (no amulet)
HPRegen  0.11/turn              (no ring)
MPRegen  0.08/turn              (no ring)

@: no status effects
A: no striking features
a: no special abilities


You were on level 2 of the Dungeon.
You were not hungry.

You visited 1 branch of the dungeon, and saw 2 of its levels.

You collected 70 gold pieces.

Inventory:

Hand Weapons
 a - a +0 war axe (weapon)
Armour
 b - a +0 scale mail (worn)
 c - a +0 kite shield (worn)
Jewellery
 i - an uncursed ring of flight {unknown}
Scrolls
 j - a scroll of random uselessness {unknown}
 m - 2 scrolls of identify {unknown}
 o - a scroll of remove curse {unknown}
Potions
 d - a potion of might
 e - 2 potions of curing {unknown}
 g - a potion of heal wounds {unknown}
 k - a potion of stabbing {unknown}
 l - a potion of flight {unknown}
 n - a potion of mutation {unknown}
Comestibles
 f - 4 rations


   Skills:
 + Level 4.0 Fighting
 + Level 3.8 Axes
 + Level 3.6 Armour
 + Level 0.2 Dodging
 + Level 0.1 Stealth
 + Level 3.7 Shields


You had 2 spell levels left.
You didn't know any spells.
Your spell library was empty.

Dungeon Overview and Level Annotations

Branches:
Dungeon (2/15)

Altars:


Message History

* * * LOW HITPOINT WARNING * * *
The orc hits you with a +0 flail.
* * * LOW HITPOINT WARNING * * *
The orc wizard closely misses you.
You closely miss the orc wizard.
The orc wizard is moderately wounded.
You miss the orc.
You feel less confused. You block the orc wizard's attack.
You block the orc's attack. The orc wizard completely misses you.
The orc hits you but does no damage.
The orc wizard hits you with a +0 dagger.
* * * LOW HITPOINT WARNING * * *
You completely miss the orc wizard.
The orc wizard is moderately wounded.
You closely miss the orc.
The orc wizard hits you but does no damage.
The orc hits you but does no damage.
The orc wizard points at you and mumbles some strange words.
The magic dart hits you.
You die...

.# ###+#. #.... #...
#.# #.. ...... #.#
....... #####+#.#
........##......o#
........##.....o@###.#
.....................#
...........###+#######
...........#
#..........#####
#............#..
.....#†.....#.######
.....#......+...<..#
#### #......#.######


You could see an orc wizard (fast) and an orc.

Vanquished Creatures
  2 dart slugs (D:1)
  2 leopard geckos (D:1)
  2 bats (D:1)
  A giant cockroach (D:1)
  2 hobgoblins (D:1)
  4 kobolds (D:1)
  2 frilled lizards
  6 goblins (D:1)
  4 rats
25 creatures vanquished.

Vanquished Creatures (others)
  An orc wizard (D:2)
1 creature vanquished.

Grand Total: 26 creatures vanquished

Notes
Turn   | Place    | Note
-------+----------+-------------------------------------------
     0 | D:1      | Clowwww the Hill Orc Fighter began the quest for the Orb.
     0 | D:1      | Reached XP level 1. HP: 19/19 MP: 1/1
    86 | D:1      | Reached XP level 2. HP: 27/27 MP: 2/2
   488 | D:1      | Reached skill level 4 in Fighting
   569 | D:1      | Reached XP level 3. HP: 30/33 MP: 3/3
   992 | D:2      | HP: 1/33 [orc wizard/+0 dagger (1)]
   993 | D:2      | Killed from afar by an orc wizard

Illustrated notes

Levels and vault maps discovered:
D:1:      dpeg_arrival_rhombus, layout_loops_ring
D:2:      layout_basic, first_ration

Skill      XL: |  1  2 |
---------------+-------+-----
Axes           | 3 |  3.8
Fighting       | 4 |  4.0
Armour         | |  3.6
Dodging        | |  0.2
Stealth        | |  0.1
Shields        | |  3.7

Action                   || total
-------------------------++-------
Melee: War axe           ||    97
Armor: Scale mail        ||    43
Dodge: Dodged            ||    28
Block: Kite shield       ||    46
